 Dungeon Crawl Stone Soup version 0.19-b1-5-gdc9fa9d (webtiles) character file.

329 McCoppin the Skirmisher (level 6, -4/53 HPs)
             Began as a Formicid Hunter on Oct 31, 2016.
             Was a Follower of Qazlal.
             Slain by an orc wizard
             ... wielding a +3 dagger of freezing
              (5 damage)
             ... on level 4 of the Dungeon.
             The game lasted 00:16:50 (6612 turns).

McCoppin the Skirmisher (Formicid Hunter)           Turns: 6612, Time: 00:16:50

Health: -4/53      AC:  4    Str: 18    XL:     6   Next: 80%
Magic:  7/7        EV: 12    Int: 10    God:    Qazlal [*.....]
Gold:   160        SH:  2    Dex: 12    Spells: 0 memorised, 5 levels left

rFire  . . .     SeeInvis +     l - -2 dagger (curse)
rCold  . . .     Gourm    .     c - +1 leather armour
rNeg   . . .     Faith    .     (no shield)
rPois  .         Spirit   .     (helmet unavailable)
rElec  .         Reflect  .     (no cloak)
rCorr  .         Harm     .     (no gloves)
MR     .....                    (no boots)
Stlth  +.........               (no amulet)
                                (no ring)
                                (no ring)

@: no status effects
A: permanent stasis, dig shafts and tunnels, four strong arms, antennae 3
a: Dig, Shaft Self, Renounce Religion


You were on level 4 of the Dungeon.
You worshipped Qazlal.
Qazlal was aware of your devotion.
You were not hungry.

You visited 1 branch of the dungeon, and saw 7 of its levels.

You collected 160 gold pieces.

Inventory:

Hand Weapons
 a - a +1 hand crossbow
 b - a +0 short sword
 e - a +2 hand axe of freezing
 l - a cursed -2 dagger (weapon)
 n - a +0 scimitar
Missiles
 d - 38 bolts
Armour
 c - a +1 leather armour (worn)
Scrolls
 i - a scroll of amnesia
 k - a scroll of identify
Potions
 m - a potion of flight
Comestibles
 g - a slice of pizza
 h - 2 meat rations
 j - 3 fruits


   Skills:
 + Level 6.8 Fighting
 - Level 4.0 Crossbows
 - Level 1.7 Dodging
 - Level 1.2 Stealth
 * Level 2.6 Invocations


You had 5 spell levels left.
You didn't know any spells.

Dungeon Overview and Level Annotations

Branches:
Dungeon (7/15)
 Temple: D:4-7

Altars:
Gozag
Qazlal
Ru
Trog
Zin

Annotations:
D:3 Sigmund
D:4 Eustachio


Innate Abilities, Weirdness & Mutations

You are under a permanent stasis effect.
You can dig through walls and to a lower floor.
Your four strong arms can wield two-handed weapons with a shield.
You have a pair of large antennae on your head. (SInv)


Message History

* * * LOW HITPOINT WARNING * * *
Okay, then.
Okay, then.
Okay, then.
You hit the orc wizard but do no damage.
The orc wizard is moderately wounded.
The orc wizard hits you with a dagger of freezing.
* * * LOW HITPOINT WARNING * * *
The orc wizard freezes you.
* * * LOW HITPOINT WARNING * * *
You hit the orc wizard but do no damage.
The orc wizard is moderately wounded.
The orc wizard hits you with a dagger of freezing.
* * * LOW HITPOINT WARNING * * *
The orc wizard freezes you.
* * * LOW HITPOINT WARNING * * *
You closely miss the orc wizard.
The orc wizard is moderately wounded.
The orc wizard hits you with a dagger of freezing.
You die...

####.### #.# #.....# #.#
#.##### #.# #.# #.# #.# #.#
#.# #(# ###.# #### ##.# #...#
..###.@# #.### #.##.#o# #.# {
#.#.##.# #.# ## #..###.# #a#
###.. ##†## #.# #)# #....
##..# #.# ###o# #.#
#######.#.# #.# ##...## #.#
#......##.####.###.#.#.####.#
#.####.##...................#


You could see an orc wizard (invisible).

Vanquished Creatures
  A jelly (D:6)
  A bullfrog skeleton (D:7)
  Terence (D:3)
  A worker ant (D:4)
  A worker ant zombie (D:5)
  Robin (D:2)
  A gnoll (D:6)
  5 adders
  2 oozes
  An adder skeleton (D:5)
  6 dart slugs
  6 leopard geckos
  5 orcs
  3 ball pythons
  2 giant cockroaches
  18 goblins
  9 hobgoblins
  5 jackals
  8 kobolds
  4 quokkas
  8 bats
  7 frilled lizards
  A jackal skeleton (D:7)
  6 rats
103 creatures vanquished.

Vanquished Creatures (others)
  An orc wizard (D:4)
1 creature vanquished.

Grand Total: 104 creatures vanquished

Notes
Turn   | Place    | Note
-------+----------+-------------------------------------------
     0 | D:1      | McCoppin the Formicid Hunter began the quest for the Orb.
     0 | D:1      | Reached XP level 1. HP: 16/16 MP: 1/1
    47 | D:1      | Reached XP level 2. HP: 23/23 MP: 2/2
    54 | D:1      | Reached skill level 3 in Fighting
   401 | D:1      | Reached XP level 3. HP: 29/29 MP: 3/3
   771 | D:1      | Reached skill level 4 in Fighting
  1464 | D:2      | Reached XP level 4. HP: 17/38 MP: 4/4
  2062 | D:2      | Reached skill level 5 in Fighting
  2169 | D:2      | Reached XP level 5. HP: 25/44 MP: 5/5
  2435 | D:2      | Noticed Robin
  2441 | D:2      | Killed Robin
  2832 | D:2      | Found a faded altar of an unknown god.
  2832 | D:2      | Found a faded altar of an unknown god.
  2857 | D:2      | Found a glowing silver altar of Zin.
  2859 | D:2      | Found a faded altar of an unknown god.
  2860 | D:2      | Found a bloodstained altar of Trog.
  2867 | D:2      | Became a worshipper of Qazlal Stormbringer
  2867 | D:2      | Reached * piety under Qazlal
  3847 | D:2      | Reached skill level 6 in Fighting
  4180 | D:3      | Noticed Terence
  4257 | D:3      | Found an opulent altar of Gozag.
  4383 | D:4      | Noticed Eustachio
  4406 | D:3      | Killed Terence
  4406 | D:3      | Reached XP level 6. HP: 25/53 MP: 6/6
  4836 | D:3      | Noticed Sigmund
  4971 | D:4      | You fall through a shaft for 3 floors!
  5646 | D:6      | Noticed an orc warrior
  5768 | D:7      | Reached skill level 1 in Invocations
  6101 | D:5      | Entered Level 5 of the Dungeon
  6213 | D:4      | Found a sacrificial altar of Ru.
  6611 | D:4      | HP: 1/53 [orc wizard/dagger of freezing (2)]
  6612 | D:4      | Slain by an orc wizard

Skill      XL: |  1  2  3  4  5  6 |
---------------+-------------------+-----
Fighting       | 3 4 5 6 |  6.8
Invocations    | 2 |  2.6
Crossbows      | |  4.0
Dodging        | |  1.7
Stealth        | |  1.2

Action                   |  1- 3 |  4- 6 || total
-------------------------+-------+-------++-------
Melee: Short sword       |    28 |    79 ||   107
       Dagger            |       |   559 ||   559
 Fire: Hand crossbow     |    67 |    30 ||    97
 Abil: Dig               |       |     7 ||     7
       Shaft Self        |       |     1 ||     1
  Use: Scroll            |       |    10 ||    10
       Potion            |       |     6 ||     6
  Eat: Chunk             |     1 |     5 ||     6
       Bread ration      |       |     4 ||     4
Armor: Leather armour    |    21 |   133 ||   154
       Skin              |       |    61 ||    61
Dodge: Dodged            |    50 |   363 ||   413
Block: Other             |       |    29 ||    29
